[Event "US Masters 2024"]
[Site "Charlotte"]
[Date "2024.11.30"]
[Round "6.12"]
[White "Park, Evan"]
[Black "Moradiabadi, Elshan"]
[Result "1-0"]
[ECO "C50"]
[WhiteElo "2375"]
[BlackElo "2515"]
[Annotator "TA"]
[PlyCount "93"]
[EventDate "2024.09.23"]
[EventType "swiss"]
[EventCountry "USA"]
[SourceTitle "playchess.com"]
[Source "ChessBase"]
[SourceQuality "1"]
[TimeControl "5400+30"]

1. e4 e5 2. Nf3 Nc6 3. Bc4 Bc5 4. d3 h6 5. c3 d6 6. O-O {[%emt 0:00:30] C50: Hungarian Defence and Giuoco Pianissimo.} Bb6 7. a4 {[%emt 0:04:19] 7.Re1 is setting a new trend.} a6 8. Be3 Nge7 $146 ({Predecessor:} 8... Nf6 9. Bxb6 cxb6 10. Nbd2 O-O 11. Re1 Qc7 12. Nf1 Ne7 13. Ne3 Bd7 14. Nd2 Bc6 {0-1 Saric,I (2673)-Aravindh,C (2698) EU-Cup 39th Vrnjacka Banja 2024 (4.4)}) 9. Bxb6 cxb6 10. Nbd2 O-O 11. Re1 Kh8 12. Bb3 f5 13. Ng5 Qe8 14. Ne6 Bxe6 15. Bxe6 Qg6 16. Bb3 Rad8 17. Nc4 fxe4 $1 18. dxe4 d5 $1 19. exd5 (19. Nxb6 dxe4 20. Nd5 Qf7 21. Nxe7 Qxf2+ 22. Kh1 Nxe7 $17) 19... Nxd5 20. Qc2 Qg5 21. Qe4 Rf4 (21... Nf4 $11 {remains equal.} 22. Re3 b5 23. axb5 (23. Nxe5 $2 Nxe5 24. Bc2 Neg6 $19) 23... axb5) 22. Nxe5 $1 $16 Rxe4 23. Nf7+ Kg8 24. Nxg5 Rxe1+ 25. Rxe1 hxg5 26. Rd1 Nce7 {[%emt 0:00:10] [#]} 27. c4 $1 Kf7 28. cxd5 Kf6 29. g3 Nf5 30. Kg2 Nd6 31. Kf3 (31. Re1 $142) 31... Re8 $16 32. Rd3 Re4 33. Re3 g4+ 34. Ke2 Ke5 35. Kd3 Rxe3+ 36. Kxe3 Ne4 $2 (36... b5 $14) 37. Bd1 $18 Nf6 {[%emt 0:00:06] [#]} 38. d6 $1 Kxd6 39. Kf4 Nd7 40. Kxg4 (40. Bxg4 Nc5 $18) 40... Ke6 41. Kg5 Kf7 (41... Ke7 {was necessary.} 42. Kg6 Kf8) 42. Bb3+ Ke7 43. Bd5 Nc5 (43... b5 $142 44. Kg6 (44. Bxb7 Nc5 $18) (44. axb5 axb5 45. Bxb7 Nc5 $18) 44... Kf8) 44. Kg6 $18 Kf8 45. b3 b5 46. a5 b4 47. f4 1-0

[Event "US Masters 2024"]
[Site "Charlotte"]
[Date "2024.11.30"]
[Round "6.13"]
[White "Mishra, Abhimanyu"]
[Black "Preotu, Razvan"]
[Result "1/2-1/2"]
[ECO "E60"]
[WhiteElo "2616"]
[BlackElo "2475"]
[Annotator "RC"]
[PlyCount "133"]
[EventDate "2024.09.23"]
[EventType "swiss"]
[EventCountry "USA"]
[SourceTitle "playchess.com"]
[Source "ChessBase"]
[SourceQuality "1"]
[TimeControl "5400+30"]

1. d4 Nf6 2. c4 g6 3. f3 Nc6 4. d5 Ne5 5. e4 d6 6. Nc3 Bg7 7. f4 Ned7 8. Nh3 O-O 9. Be2 c6 10. Nf2 cxd5 11. cxd5 b5 12. Bxb5 Nc5 13. Bc6 Rb8 14. O-O Ba6 15. Re1 Nfd7 16. Qc2 Qb6 17. Rd1 Bb7 18. Be3 Bxc6 19. dxc6 Qxc6 20. Rac1 Qb7 21. Nd5 Nb6 22. Bxc5 dxc5 23. Nxb6 axb6 24. e5 f6 25. f5 fxe5 26. fxg6 Bh6 27. Qb3+ Kg7 28. Qh3 hxg6 29. Rd7 Bxc1 30. Rxb7 Rxb7 31. Qc3 Bg5 32. Ne4 Rd7 33. g3 Bf6 34. Qf3 Rd4 35. Kg2 Bg5 36. Qe2 Bc1 37. h4 Rf5 38. b3 b5 39. Kh3 c4 40. bxc4 bxc4 41. a4 c3 42. Nxc3 e4 43. Nxe4 Re5 44. Qc2 Rexe4 45. Qxc1 Rxa4 46. h5 Ra6 47. Qc3+ Rf6 48. hxg6 Ree6 49. Qd4 Kxg6 50. Qd3+ Kg7 51. Qd4 Rd6 52. Qc3 Rd5 53. Qb2 Rg5 54. Qb7 Re6 55. Qc7 Rgg6 56. Qc3+ Kh7 57. Qf3 Ref6 58. Qe4 Rf7 59. Qd3 Rfg7 60. Qe4 Kh8 61. Qa8+ Rg8 62. Qa1+ Kh7 63. Qe5 Rxg3+ 64. Qxg3 Rxg3+ 65. Kxg3 Kg7 66. Kf3 Kf7 67. Ke3 1/2-1/2

[Event "US Masters 2024"]
[Site "Charlotte"]
[Date "2024.11.30"]
[Round "6.14"]
[White "Bortnyk, Olexandr"]
[Black "Salinas Herrera, Pablo"]
[Result "1-0"]
[ECO "C47"]
[WhiteElo "2603"]
[BlackElo "2475"]
[Annotator "TA"]
[PlyCount "85"]
[EventDate "2024.09.23"]
[EventType "swiss"]
[EventCountry "USA"]
[SourceTitle "playchess.com"]
[Source "ChessBase"]
[SourceQuality "1"]
[TimeControl "5400+30"]

1. e4 e5 2. Nf3 Nc6 3. Nc3 Nf6 4. h3 h6 5. Bb5 Bd6 6. d4 exd4 7. Nxd4 O-O 8. O-O {[%emt 0:02:38] The position is equal.} Re8 9. Nxc6 bxc6 10. Bd3 Bb4 11. Re1 {[%emt 0:06:34] Black should prevent e5.} d5 12. exd5 (12. Qf3 {is more complex.} Bxc3 13. bxc3 Nxe4 14. Bxe4 Rxe4 15. Rxe4 dxe4 16. Qxe4 Qd5 17. Qxd5 cxd5 18. Rb1) 12... Rxe1+ 13. Qxe1 cxd5 14. Bd2 Rb8 15. a3 Bf8 16. b3 c5 17. Bf4 Rb6 18. Rd1 Bb7 19. Qf1 Nh5 20. Bc1 Qh4 21. Ne2 Bc8 22. g4 Nf6 {[%emt 0:19:28] ...h5 is the strong threat.} 23. Bf4 {[%emt 0:00:00] Bg3 would now be deadly.} Ne8 24. Bg3 Qg5 25. Nf4 {[%emt 0:00:00][%cal Of4d5] Threatens to win with Nxd5!} Bb7 26. Qe1 Nd6 27. Ng2 (27. Bf1 $11) 27... d4 $15 28. Qe5 Qd8 (28... Ne4 {simplifies} 29. Bxe4 Qxe5 30. Bxe5 Bxe4 31. Ne1 f6) 29. Re1 Qc8 30. Nh4 (30. Qe2 $1 $15) 30... Qc6 (30... g5 $1 $17 31. Ng2 (31. Nf5 $2 Qc6 $19) 31... Qc6) 31. f3 $1 g5 (31... c4 $15 {stays ahead.} 32. bxc4 Nxc4) 32. Qf6 $1 $16 {[%emt 0:00:00][%cal Og3e5] Be5! would kill now.} Ne8 {[%emt 0:04:57] [#]} (32... gxh4 33. Be5 Qxf3 34. Qh8#) (32... Ne4 $16 {is a better defense.} 33. Qxc6 Bxc6 34. fxe4 (34. Bxe4 Bxe4 35. Rxe4 gxh4 $14) 34... gxh4 35. Bxh4 Bb5) 33. Bh7+ $2 Kxh7 34. Qxf7+ Ng7 35. Qxf8 {[%emt 0:00:00][%cal Og3e5] Strongly threatening Be5! White is much more active.} Qf6 (35... gxh4 $2 36. Be5 Qd7 (36... Qxf3 37. Qxg7#) 37. Bxg7 Qxg7 38. Re7 $18 (38. Qxc5 $2 Rf6 $19)) 36. Qxf6 (36. Qxc5 $2 gxh4 37. Re7 hxg3 $19) 36... Rxf6 {[%emt 0:00:03] [#]} 37. Re7 $1 $36 {[%emt 0:00:00][%mdl 2048] Keeping Black busy.} (37. Be5 $6 Rf7 38. Ng2 (38. Bxg7 gxh4 39. Be5 Rxf3 $11) 38... Rxf3 $14) 37... Bd5 (37... gxh4 $2 {loses.} 38. Be5 Rg6 39. Rxb7 $18) 38. Nf5 Rf7 39. Rxf7 Bxf7 40. Nxg7 (40. Nd6 $142 d3 41. cxd3 (41. Nxf7 $2 {is the wrong capture.} dxc2 42. Kh2 c1=Q $19) 41... Bxb3 42. Ne4) 40... Kxg7 41. Bd6 c4 ({Black should play} 41... Bg6) 42. Be5+ Kg6 {[%emt 0:00:03] [#]} 43. bxc4 $1 {[%emt 0:00:00] Weighted Error Value: White=0.23 (precise) /Black=0.23 (precise) .  Missed win:     	White=1     	---        Mistake:       	White=3     	Black=4      Inaccurate:     	White=3     	Black=5      OK:         	White=12    	Black=12     Best:        	White=1     	Black=2      Strong:       	White=4     	---} ({But not} 43. Bxd4 a6 44. b4 Bd5) 1-0

[Event "US Masters 2024"]
[Site "Charlotte"]
[Date "2024.11.30"]
[Round "6.15"]
[White "Daggupati, Balaji"]
[Black "Jacobson, Brandon"]
[Result "1/2-1/2"]
[ECO "B51"]
[WhiteElo "2465"]
[BlackElo "2583"]
[Annotator "TA"]
[PlyCount "117"]
[EventDate "2024.09.23"]
[EventType "swiss"]
[EventCountry "USA"]
[SourceTitle "playchess.com"]
[Source "ChessBase"]
[SourceQuality "1"]
[TimeControl "5400+30"]

1. e4 c5 2. Nf3 Nc6 3. Bb5 d6 4. d4 cxd4 5. Qxd4 a6 6. Bxc6+ bxc6 7. O-O e5 8. Qd3 Ne7 $1 {[%emt 0:11:50][%mdl 4] outshines the older 8...Be7. B51: Sicilian: Moscow Variation (3 Bb5+) without 3...Bd7.} 9. Rd1 Ng6 10. Na3 f6 11. Nc4 d5 12. exd5 cxd5 13. Qb3 Be6 14. Nb6 $146 ({Predecessor:} 14. Ne3 Nf4 15. Nxd5 Nxd5 16. c4 Bd6 17. cxd5 Bd7 18. Nd2 Rb8 19. Qg3 O-O 20. Nc4 {0-1 Estrada Nieto,J (2260)-Gascon del Nogal,J (2458) Titled Tuesday intern op 20th Sep Late blitz 2022 (8)}) 14... Rb8 15. Qa4+ Kf7 16. Nxd5 Bxd5 17. c4 (17. Qxa6 $2 Qd7 18. Qe2 Qc6 $19) 17... Rb4 18. Rxd5 Qxd5 19. Qxb4 (19. Qxa6 $2 Qd1+) 19... Bxb4 20. cxd5 Ne7 21. Bd2 Nxd5 22. Rc1 Rb8 23. Rc2 e4 24. Nd4 Bxd2 25. Rxd2 Rc8 26. g3 g6 27. Re2 Rc4 28. Nc2 (28. Rxe4 f5 29. Rh4 g5 30. Rxh7+ Kg6 $19) 28... f5 29. Rd2 Ke6 30. f3 Rc8 31. Kf2 Nf6 32. Nd4+ Kf7 33. Ne2 Ke6 34. Rd4 exf3 35. Kxf3 Ng4 36. Nf4+ Ke7 37. Rd2 Rc1 38. Nd5+ Ke6 39. Nf4+ Ke7 40. Nd5+ Kf7 41. Re2 Rc5 42. Nc3 Kf6 43. h3 Ne5+ 44. Ke3 Ke6 45. a3 g5 46. Kf2 h5 47. Rd2 Nc4 48. Re2+ Kf6 49. b4 Re5 50. Na4 Rd5 (50... Nxa3 51. Ra2 Nb5 52. Nc5) 51. Nc5 a5 52. Nb3 axb4 ({Much weaker is} 52... Nxa3 $6 53. bxa5 (53. Nxa5 Rd4 $11) 53... Rd7 54. a6 $16) 53. axb4 Ne5 54. Nc5 Rd4 55. Rb2 Rc4 56. Rd2 Rxb4 57. Rd6+ $1 Kf7 58. Rd5 $1 Rb2+ 59. Ke3 1/2-1/2

[Event "US Masters 2024"]
[Site "Charlotte"]
[Date "2024.11.30"]
[Round "6.17"]
[White "Vazquez, Guillermo"]
[Black "Narayanan, Samrug"]
[Result "0-1"]
[ECO "A07"]
[WhiteElo "2569"]
[BlackElo "2413"]
[Annotator "RC"]
[PlyCount "146"]
[EventDate "2024.09.23"]
[EventType "swiss"]
[EventCountry "USA"]
[SourceTitle "playchess.com"]
[Source "ChessBase"]
[SourceQuality "1"]
[TimeControl "5400+30"]

1. Nf3 Nf6 2. g3 d5 3. Bg2 e6 4. O-O Be7 5. d3 O-O 6. Nbd2 Nc6 7. d4 Na5 8. a3 b6 9. b4 Nc6 10. c4 a5 11. b5 Na7 12. Rb1 Bb7 13. Ne5 Nd7 14. Nd3 Rb8 15. cxd5 Bxd5 16. e4 Bb7 17. Qb3 c6 18. bxc6 Nxc6 19. Bb2 Ba6 20. Rfc1 Nc5 21. Nxc5 bxc5 22. Qd1 Nxd4 23. Bf1 Bxf1 24. Kxf1 Qd7 25. Kg2 Rfd8 26. a4 Nc6 27. Qg4 Bf8 28. Nc4 Rb4 29. Ra1 f5 30. Qe2 fxe4 31. Ne5 Qd5 32. Nxc6 Qxc6 33. Bc3 Rxa4 34. Rxa4 Qxa4 35. Qa6 Rd6 36. Qxa5 Qxa5 37. Bxa5 Ra6 38. Bd2 Ra4 39. Rb1 Be7 40. Rb8+ Kf7 41. Rb7 h6 42. Bc3 g5 43. Be5 Ra6 44. g4 Rc6 45. Kf1 c4 46. Bc3 Ke8 47. Ra7 Bd6 48. h3 Bf4 49. Ke2 Rd6 50. Bb4 Rb6 51. Ra4 Kd7 52. Bc3 Rc6 53. Ra7+ Rc7 54. Ra8 Kc6 55. Ra6+ Kd5 56. Ra5+ Kc6 57. Ra6+ Kd5 58. Ra5+ Rc5 59. Ra8 Rc6 60. Ra5+ Kd6 61. Ra7 Rb6 62. Kd1 Rb1+ 63. Kc2 Rc1+ 64. Kb2 Rf1 65. Bd4 Be5 66. Kc3 Bxd4+ 67. Kxd4 Rxf2 68. Ra6+ Ke7 69. Rc6 Kf6 70. Kxe4 Rh2 71. Rxc4 Rxh3 72. Rc1 Rg3 73. Rf1+ Kg6 0-1

[Event "US Masters 2024"]
[Site "Charlotte"]
[Date "2024.11.30"]
[Round "6.18"]
[White "Atanasov, Anthony"]
[Black "Stremavicius, Titas"]
[Result "1-0"]
[ECO "D35"]
[WhiteElo "2415"]
[BlackElo "2545"]
[Annotator "TA"]
[PlyCount "109"]
[EventDate "2024.09.23"]
[EventType "swiss"]
[EventCountry "USA"]
[SourceTitle "playchess.com"]
[Source "ChessBase"]
[SourceQuality "1"]
[TimeControl "5400+30"]

1. d4 d5 2. Nf3 Nf6 3. c4 e6 4. Nc3 Be7 5. cxd5 exd5 6. Bf4 Nh5 7. Be5 f6 8. Bg3 {[%emt 0:00:00] The position is equal.} c6 9. e3 O-O 10. Bd3 g6 11. Qc2 Be6 12. Ne2 Na6 13. a3 {[%emt 0:00:00] Against Nb4} Qa5+ 14. Qd2 Qxd2+ 15. Kxd2 Nb8 16. Nf4 Nxf4 17. exf4 Bf7 18. Rae1 Re8 19. h4 Nd7 20. f5 Nb6 21. fxg6 Bxg6 22. h5 Bxd3 23. Kxd3 Nc4 24. b3 Nxa3 25. Rxe7 $1 Rxe7 26. Bd6 Rg7 27. Bxa3 {[%emt 0:00:00] Hoping for Nh4.} Rxg2 28. Re1 (28. Rf1 $15) 28... Rxf2 $19 29. Nd2 a5 (29... Rh2 30. Re7 $11) 30. Re6 b5 (30... Rc8 $19 31. Re7 Rh2 32. Rxb7 Rxh5) 31. Rxc6 $17 a4 32. bxa4 bxa4 33. h6 (33. Rb6 $17) 33... Kf7 $19 34. Ke3 Rh2 35. Nf3 Rh3 (35... Ra2 $19 36. Rc7+ Kg6) 36. Kf4 $17 Rb8 ({Black should try} 36... Rxh6 $17 {Strongly threatening ...Rb8.} 37. Rc7+ Kg8) 37. Rc7+ $11 Kg6 {[%emt 0:00:05][%cal Ob8b3] White must now prevent ...Rb3!} 38. Kg4 Rxf3 {[%emt 0:00:13][%mdl 12288] Endgame. [#] KRR-KRB} 39. Bc1 $1 $18 Rg3+ 40. Kxg3 {[%emt 0:00:00] KRB-KR} a3 41. Ra7 ({Not} 41. Bxa3 Rb3+ 42. Kg4 Rxa3 $11) 41... Rb4 42. Bxa3 Rxd4 43. Bf8 (43. Bc1 $18) 43... Re4 44. Rd7 d4 $2 (44... f5 $16 45. Rxd5 Kg5) 45. Rg7+ Kf5 46. Rxh7 Rg4+ 47. Kf3 Rg8 $2 (47... Rf4+ $18 48. Ke2 Re4+ 49. Kd3 Rh4) 48. Rf7 Ke6 49. Re7+ Kd6 50. Re8+ {[%emt 0:00:09] White mates.} Kd7 51. Rb8 d3 52. Ke3 Rg3+ 53. Kd2 Rh3 {[%emt 0:00:04] [#]} 54. h7 $1 Kc6 {[%emt 0:00:23] [#]} (54... Rh2+ 55. Kxd3) 55. Bh6 $1 {[%emt 0:00:06][%mdl 512] Weighted Error Value: White=0.21 (precise) /Black=0.58.  Loses game:     	---       	Black=2      Mistake:       	White=3     	Black=4      Inaccurate:     	White=2     	Black=2      OK:         	White=21    	Black=21     Best:        	White=6     	Black=5      Strong:       	White=2     	---} 1-0

[Event "US Masters 2024"]
[Site "Charlotte"]
[Date "2024.11.30"]
[Round "6.19"]
[White "Brodsky, David"]
[Black "Aarav Dengla"]
[Result "1-0"]
[ECO "D11"]
[WhiteElo "2538"]
[BlackElo "2390"]
[Annotator "TA"]
[PlyCount "57"]
[EventDate "2024.09.23"]
[EventType "swiss"]
[EventCountry "USA"]
[SourceTitle "playchess.com"]
[Source "ChessBase"]
[SourceQuality "1"]
[TimeControl "5400+30"]

1. d4 d5 2. c4 c6 3. Nf3 Nf6 4. g3 Bg4 5. Ne5 Bf5 6. cxd5 cxd5 7. Nc3 Qb6 8. f3 {[%emt 0:12:31][%cal Oe2e4] White is slightly better.} h6 (8... Nc6 $14) 9. e4 $16 Be6 (9... dxe4 $16 {was worth a try.} 10. fxe4 Bxe4 11. Nxe4 Nxe4) 10. Bb5+ $18 Nc6 {[%emt 0:00:37] [#]} 11. Qb3 $1 Rd8 {[%emt 0:04:16] [#]} 12. Na4 $1 (12. Bxc6+ bxc6 13. Qxb6 axb6 $16) 12... Qxd4 13. Bxc6+ bxc6 14. Nxc6 dxe4 15. Nxd4 {[%emt 0:00:18] A dynamic duo of knights.} Bxb3 16. Nxb3 exf3 17. O-O e5 18. Rxf3 e4 19. Rf1 Bb4 20. Be3 Nd5 21. Bc5 e3 22. Bxb4 ({Less strong is} 22. Bxa7 O-O 23. Rfc1 h5 $18) 22... Nxb4 23. Rf4 Nd5 24. Re4+ Kd7 25. Nc3 Nxc3 26. bxc3 Rhe8 27. Rxe8 Rxe8 28. Kf1 Rc8 29. Rc1 {[%emt 0:00:11] Black did not feel at home in the position after the opening.   Weighted Error Value: White=0.10 (very precise) /Black=0.31.  Mistake:       	---       	Black=2      Inaccurate:     	---       	Black=1      OK:         	White=13    	Black=7      Best:        	---       	Black=1      Strong:       	White=2     	---} ({Much less strong is} 29. Rd1+ Ke6 30. Nd4+ (30. Rd3 Kf5 $18) 30... Kf6) 1-0

[Event "US Masters 2024"]
[Site "Charlotte"]
[Date "2024.11.30"]
[Round "6.20"]
[White "Prithu Gupta"]
[Black "Harsha Bharathakoti"]
[Result "1/2-1/2"]
[ECO "B33"]
[WhiteElo "2412"]
[BlackElo "2531"]
[Annotator "TA"]
[PlyCount "110"]
[EventDate "2024.09.23"]
[EventType "swiss"]
[EventCountry "USA"]
[SourceTitle "playchess.com"]
[Source "ChessBase"]
[SourceQuality "1"]
[TimeControl "5400+30"]

1. e4 c5 2. Nf3 Nc6 3. d4 cxd4 4. Nxd4 Nf6 5. Nc3 e6 6. Ndb5 d6 7. Bf4 e5 8. Bg5 a6 9. Na3 b5 10. Bxf6 gxf6 11. Nd5 Bg7 12. Bd3 Ne7 13. Nxe7 Qxe7 14. c4 f5 15. O-O O-O 16. Qf3 (16. exf5 e4 17. Re1 Bxf5 $17 (17... Bxb2 18. Bxe4 Ra7 19. Rb1 $16)) (16. cxb5 d5 $11) 16... d5 17. cxd5 f4 (17... fxe4 $14 18. Bxe4 Rb8) 18. Rfd1 Rb8 {[%emt 0:05:28][%cal Ba8b8,Bb8b6,Bb6g6][%mdl 32] White is better.} 19. Rac1 Rb6 20. Be2 Rg6 21. Rc6 (21. Nc2 $16) 21... Rxc6 22. dxc6 Be6 23. Nc2 {[%emt 0:00:28] Threatens to win with Qc3.} Qc5 24. Qc3 Qxc3 25. bxc3 Rc8 26. Nb4 $36 {[%emt 0:00:06][%mdl 2048] And now a4 would win. White fights for an advantage.} Bf8 $1 (26... a5 $2 27. Nd5 Bf8 28. Bxb5 $18) 27. Rc1 Bxb4 28. cxb4 Bxa2 $14 {[%emt 0:00:04][%mdl 4096] Endgame. [#] KRB-KRB} (28... Kf8 $142) 29. Bg4 $1 $16 Rc7 30. Bd7 Be6 $2 (30... Bc4 $16) 31. Bxe6 $18 fxe6 {[%emt 0:00:03] KR-KR} 32. g4 fxg3 33. fxg3 (33. hxg3 Kf8 $16) 33... Kf7 34. g4 Ke7 35. h4 Kd8 (35... Kd6 36. g5 a5 (36... Rxc6 $2 37. Rxc6+ Kxc6 38. h5 $18) 37. bxa5 $18) 36. Kg2 Rf7 37. Rf1 Rg7 38. Kg3 Kc7 39. Ra1 h5 40. g5 (40. Rxa6 Rxg4+ 41. Kf3 Rxh4 42. Ra7+ Kxc6 43. Ra6+ Kd7 $15) 40... Rf7 (40... Rh7 $142 41. Rxa6 Rh8) 41. Rxa6 {[%emt 0:00:37] Ra7+ would kill now.} Rf4 42. Ra7+ Kxc6 43. Rh7 Kd6 44. Rxh5 {[%emt 0:00:06] Strongly threatening g6.} Rxe4 45. Rh7 Rxb4 46. g6 Rb3+ 47. Kg4 Rb1 48. h5 {[%emt 0:01:07] Black must now prevent g7.} Rg1+ {[%emt 0:00:00] [#]} 49. Kf3 $1 b4 50. Rb7 b3 (50... Kc5 $142 51. g7 Kc6) 51. g7 $2 (51. Kf2 $18 Rg4 52. Rxb3) 51... Kc6 $1 $11 {[%emt 0:00:11] The position is equal.} 52. Rxb3 {[%emt 0:03:07] h6 would now be deadly.} Rxg7 53. Rb1 Kd6 54. h6 Rh7 55. Rh1 Kd5 {[%emt 0:00:28] Weighted Error Value: White=0.37/Black=0.26 (precise) .  Loses game:     	---       	Black=1      Missed win:     	White=1     	---        Mistake:       	White=1     	Black=4      Inaccurate:     	White=2     	Black=2      OK:         	White=13    	Black=9      Best:        	White=4     	Black=3      Strong:       	White=1     	Black=2} 1/2-1/2

[Event "US Masters 2024"]
[Site "Charlotte"]
[Date "2024.11.30"]
[Round "6.21"]
[White "Lee, Alice"]
[Black "Cordova, Emilio"]
[Result "0-1"]
[ECO "A58"]
[WhiteElo "2398"]
[BlackElo "2525"]
[Annotator "TA"]
[PlyCount "106"]
[EventDate "2024.09.23"]
[EventType "swiss"]
[EventCountry "USA"]
[SourceTitle "playchess.com"]
[Source "ChessBase"]
[SourceQuality "1"]
[TimeControl "5400+30"]

1. d4 Nf6 2. c4 c5 3. d5 b5 4. cxb5 a6 5. bxa6 e6 6. Nc3 {[%emt 0:01:23] A58: Benko/Volga Gambit: Lines with 5 bxa6.} exd5 7. Nxd5 Nc6 8. Bg5 $146 ({Predecessor:} 8. g3 Be7 9. Bg2 O-O 10. Nf3 Nxd5 11. Qxd5 Bxa6 12. Be3 Nb4 13. Qd1 d5 14. a3 {½-½ Kolmagorov,A (2124)-Asylov,M (2268) Titled Tuesday intern op 26th Dec Early blitz 2023 (6)}) 8... Be7 9. Nxe7 Qxe7 10. e3 Qe5 11. Bxf6 Qxf6 12. Qd2 Rb8 13. Rb1 O-O 14. a7 Nxa7 15. Ne2 Bb7 (15... d5 $11) 16. Nf4 (16. Qxd7 $2 Rfd8 17. Qa4 Nc6 $19) 16... Rfe8 17. Be2 Be4 18. Rd1 (18. Rc1 $11 {remains equal.}) 18... Rxb2 $17 19. Qxd7 Bc6 $1 (19... Qc3+ 20. Kf1 Bc6 (20... Ra8 21. Qd8+ Rxd8 22. Rxd8#) 21. Qxa7 $18) 20. Qd6 (20. Qxa7 $2 Qxf4 (20... Qc3+ $2 21. Kf1 $18) 21. Qa3 (21. exf4 Rexe2+ 22. Kf1 Rxf2+ 23. Kg1 Rxg2+ 24. Kf1 Bb5+ 25. Ke1 Rge2+ 26. Kf1 Rxh2+ 27. Kg1 Rhg2#) 21... Rxe2+ 22. Kxe2 Bxg2 23. Qxc5 Qg4+ (23... Qf3+ $2 24. Ke1 $19) 24. Ke1 Bxh1 $19) (20. Qg4 $142) 20... Qc3+ $17 ({Worse is} 20... Rxa2 21. Qxf6 (21. Qxc5 $2 Qxf4 22. O-O Qf6 $19) 21... gxf6 22. O-O $16) 21. Kf1 Ba4 ({But not} 21... Rxa2 22. Kg1 $15) 22. Re1 Rxa2 23. g4 (23. Qd3 $17 {might work better.} Nb5 24. Qxc3 Nxc3 25. Bc4) 23... Bc6 $19 24. Rg1 $2 (24. Nd5 {nothing else works.} Qa5 (24... Qd2 $2 25. Ne7+ Rxe7 26. Qxe7 $19) 25. Rd1) 24... Ra1 $2 (24... Rd2 $1 $19 25. Qc7 g5) 25. Rxa1 $17 Qxa1+ 26. Qd1 Qa5 (26... Qxd1+ $17 27. Bxd1 Nb5) 27. Bf3 {[%emt 0:07:03] [#]} ({White should play} 27. Qc1 $1 $15) 27... Rd8 $1 $17 28. Nd5 Nb5 29. Ne7+ (29. Qb3 $17 Kh8 30. Kg2) 29... Kf8 $19 30. Qxd8+ Qxd8 31. Nxc6 Qd2 32. Kg2 {[%emt 0:00:16] [#]} Nc3 $1 33. Ra1 g6 34. Ne5 Nd5 35. Ra3 Ne7 36. Ra8+ (36. Rd3 $17 {was forced.} Qa2 37. h3) 36... Kg7 $19 37. Ra7 Qd6 38. Nc4 Qe6 39. Nd2 h6 40. h3 g5 41. Ne4 Ng6 42. Nd2 $2 (42. Kh2) 42... Nh4+ 43. Kf1 Qb6 44. Ra3 Qb2 45. Rd3 c4 46. Nxc4 Qc1+ 47. Rd1 Qxc4+ 48. Be2 Qe4 49. Ke1 Qh1+ 50. Bf1 Nf3+ 51. Ke2 Ng1+ 52. Ke1 Nxh3 53. Rd2 Ng1 0-1

[Event "US Masters 2024"]
[Site "Charlotte"]
[Date "2024.11.30"]
[Round "6.22"]
[White "Parkhov, Yair"]
[Black "Risteski, Emil"]
[Result "1-0"]
[ECO "A34"]
[WhiteElo "2523"]
[BlackElo "2378"]
[Annotator "TA"]
[PlyCount "137"]
[EventDate "2024.09.23"]
[EventType "swiss"]
[EventCountry "USA"]
[SourceTitle "playchess.com"]
[Source "ChessBase"]
[SourceQuality "1"]
[TimeControl "5400+30"]

1. c4 c5 2. Nf3 b6 3. Nc3 Bb7 4. e4 d6 5. d4 cxd4 6. Nxd4 Nf6 7. Bd3 g6 8. O-O Bg7 9. Bg5 O-O 10. Qd2 Nc6 11. Nxc6 {[%emt 0:00:27] White is slightly better.} Bxc6 12. Rfe1 Rc8 13. Bf1 Re8 14. Rad1 Nd7 15. Nd5 a6 16. b3 Nc5 17. Qe3 Bxd5 18. exd5 Qc7 19. Bh6 {[%emt 0:03:18] White is more active.} (19. Bxe7 Bf8 20. b4 Rxe7 $19) 19... e5 20. dxe6 Rxe6 21. Qc1 Bxh6 22. Qxh6 Rce8 23. Rxe6 Rxe6 24. g3 Qe7 25. Qd2 a5 26. h4 Ne4 27. Qd4 Nc5 28. Kh2 Re1 29. Bg2 (29. Qxd6 $2 {is the wrong capture.} Qxd6 30. Rxd6 Rxf1 $19) 29... Rxd1 30. Qxd1 $11 {[%emt 0:00:04][%mdl 4096] Endgame. KQB-KQN} Qe5 31. Bd5 Kg7 32. Kg2 f5 33. Qd2 h6 34. Bf3 Ne6 35. Bd5 Nc5 36. Bf3 Ne6 37. Bc6 Qd4 38. Qe1 Qe5 39. Qd1 Qd4 40. Qf3 Qe5 41. Ba8 Nc5 {[%emt 0:00:37] Wards off Qb7+} 42. Bd5 Qd4 43. h5 Kf6 44. hxg6 Kxg6 45. Bc6 Nd3 46. Qe2 {[%emt 0:00:25] Repels Ne1+} Ne5 $1 47. Bd5 {[%emt 0:00:07] [#] Threatens to win with f4.} f4 48. Qc2+ Kg7 49. Qf5 fxg3 50. fxg3 Qd2+ 51. Kh3 Qg5 52. Qf2 Qd8 53. Kg2 Qc7 54. Qd4 Qc5 55. Qh4 Qc7 {[%emt 0:00:23] Repels Qe7+} 56. Qf4 Qc5 57. Qh4 Qc7 {[%emt 0:00:03] Inhibits Qe7+.} 58. Qh5 Qe7 {[%emt 0:00:33] Prevents Qe8} 59. Qf5 Qd7 60. Qe4 (60. Qxd7+ {simplifies} Nxd7 61. Kf3 Nf6 62. Be6) 60... Qe7 61. Qd4 Qc7 62. a3 Qd8 63. b4 axb4 64. axb4 Qc7 65. Qa1 Qb8 66. Qa6 h5 67. Qa1 Qd8 68. Qd4 Qg5 (68... Qf6 $11) 69. Qxb6 {[%emt 0:00:24] Weighted Error Value: White=0.07 (flawless) /Black=0.04 (flawless) .  Mistake:       	---       	Black=1      Inaccurate:     	White=3     	Black=3      OK:         	White=10    	Black=32     Best:        	White=2     	Black=3      Strong:       	---       	Black=1} 1-0